AoeStats
← TheLastPalomin

Arabia

509767255Analyzed
1v1 RM · 4d ago on Sep 27, 2026· 36m 49s· 2 players
Game mode
Random Map
Map size
Tiny (2 player)
Population
200
Speed
Normal
Resources
Standard
Victory
Conquest
Starting age
Dark Age
Ending age
Imperial Age
RankedLock teamsTeams togetherTeam positionsShared explorationLock speedFull tech treeHidden civsTurbo modeCheats
Victory
Defeat
🇨🇱 Ethiopians · Chile
972
+15
🇵🇪 Japanese · Peru
961
-15
gio303
0:26 Loom
12:06 Feudal Age
12:11 Man-at-Arms
22:32 Castle Age
21:16 Double-Bit Axe
21:24 Arson
21:52 Fletching
22:12 Padded Archer Armor
22:54 Elite Skirmisher
23:05 Long Swordsman
23:32 Gambesons
24:55 Bodkin Arrow
29:10 Bow Saw
28:44 Horse Collar
29:45 Wheelbarrow
29:42 Squires
34:00 Leather Archer Armor
TheLastPalomin
10:34 Feudal Age
9:08 Loom
16:11 Castle Age
15:19 Double-Bit Axe
17:13 Fletching
19:10 Crossbowman
24:46 Ballistics
25:51 Bodkin Arrow
28:07 Bow Saw
27:44 Horse Collar
27:53 Light Cavalry
29:36 Padded Archer Armor
29:44 Scale Barding Armor
30:34 Husbandry
30:53 Leather Archer Armor
31:33 Thumb Ring
32:38 Wheelbarrow
34:12 Hand Cart
33:45 Town Watch
35:08 Stone Mining
36:28 Gold Mining
37:17 Stone Shaft Mining
Connection lost

Rejoining the realm…

Still unreachable

The connection could not be restored.

Session expired

The server has moved on; the page needs a fresh start.